 Dungeon Crawl Stone Soup version 0.22-a0-455-ga0624bf62c (webtiles) character file.

1705 Kriby the Spear-Bearer (level 9, -10/54 HPs)
             Began as a Merfolk Skald on June 5, 2018.
             Was an Initiate of Hepliaklqana.
             Mangled by a two-headed ogre
             ... wielding a +0 giant spiked club
              (25 damage)
             ... on level 7 of the Dungeon.
             The game lasted 00:09:45 (9733 turns).

Kriby the Spear-Bearer (Merfolk Skald)              Turns: 9733, Time: 00:09:45

Health: -10/54     AC:  6    Str: 15    XL:     9   Next: 3%
Magic:  12/12      EV: 16    Int: 12    God:    Hepliaklqana [......]
Gold:   440        SH:  0    Dex: 17    Spells: 11/12 levels left

rFire    + . .     SeeInvis .   w - +0 halberd
rCold    + . .     Gourm    +   (shield currently unavailable)
rNeg     . . .     Faith    .   g - +0 ring mail
rPois    .         Spirit   .   C - +0 helmet
rElec    .         Reflect  .   u - scarf {rC+ rF+}
rCorr    .         Harm     .   (no gloves)
MR       .....                  (no boots)
Stlth    +.........             j - amulet of the gourmand
HPRegen  0.18/turn              c - +4 ring of dexterity
MPRegen  0.13/turn              (no ring)

@: no status effects
A: change form in water, swift swim, stealthy swim, reduced essence
a: Recall Ancestor, Ancestor Identity, Renounce Religion


You were on level 7 of the Dungeon.
You worshipped Hepliaklqana.
Hepliaklqana was noncommittal.
You were very full.

You visited 2 branches of the dungeon, and saw 8 of its levels.

You collected 440 gold pieces.

Inventory:

Hand Weapons
 a - a +0 spear
 w - a +0 halberd (weapon)
Missiles
 v - 3 throwing nets (quivered)
Armour
 b - a +0 leather armour
 g - a +0 ring mail (worn)
 u - a scarf of resistance (worn)
 C - a +0 helmet (worn)
Jewellery
 c - a +4 ring of dexterity (left hand)
 j - an amulet of the gourmand (around neck)
 E - an uncursed ring of resist corrosion {unknown}
Wands
 r - a wand of polymorph (4)
 s - a wand of random effects (24)
Scrolls
 e - 4 scrolls of enchant weapon {unknown}
 h - 6 scrolls of remove curse {unknown}
 i - 2 scrolls of blinking {unknown}
 k - a scroll of enchant armour {unknown}
 l - 4 scrolls of identify {unknown}
 m - 5 scrolls of teleportation {unknown}
 p - a scroll of random uselessness {unknown}
 q - 3 scrolls of noise {unknown}
 x - 2 scrolls of amnesia {unknown}
 y - a scroll of fog {unknown}
Potions
 f - 2 potions of agility {unknown}
 n - a potion of magic {unknown}
 o - a potion of flight
 t - a potion of ambrosia {unknown}
 z - a potion of brilliance {unknown}
 A - 2 potions of curing {unknown}
 B - a potion of berserk rage {unknown}
 F - a potion of haste {unknown}
Comestibles
 d - 9 rations {@e1}


   Skills:
 - Level 2.1 Fighting
 * Level 12.9 Polearms
 - Level 0.6 Armour
 + Level 8.8 Dodging
 - Level 2.0 Spellcasting
 - Level 3.2 Charms


You had 11 spell levels left.
You knew the following spells:

 Your Spells              Type           Power        Failure   Level  Hunger
a - Infusion              Chrm           #...         14%         1    ##.....

Your spell library contained the following spells:

 Spells                   Type           Power        Failure   Level  Hunger
 Throw Frost              Conj/Ice       #.....       63%         2    ###....
 Summon Small Mammal      Summ           #...         47%         1    ##.....
 Freeze                   Ice            #...         47%         1    ##.....
 Summon Ice Beast         Ice/Summ       #.......     99%         4    #####..
 Ozocubu's Armour         Chrm/Ice       #.......     63%         3    ####...
 Call Imp                 Summ           #.......     63%         2    ###....
 Regeneration             Chrm/Necr      #.........   63%         3    ####...
 Throw Icicle             Conj/Ice       #.......     99%         4    #####..
 Call Canine Familiar     Summ           #.......     85%         3    ####...
 Shroud of Golubria       Chrm/Tloc      #.........   38%         2    ###....
 Song of Slaying          Chrm           #.......     22%         2    ###....
 Spectral Weapon          Hex/Chrm       #.......     63%         3    ####...
 Summon Lightning Spire   Summ/Air       #.......     99%         4    #####..
 Summon Guardian Golem    Hex/Summ       #.......     85%         3    ####...


Dungeon Overview and Level Annotations

Branches:
Dungeon (7/15)             Temple (1/1) D:6

Altars:
Ashenzari
Dithmenos
Fedhas
Gozag
Hepliaklqana
Nemelex Xobeh
Okawaru
Qazlal
Ru
Sif Muna
Vehumet
Wu Jian
Xom
Yredelemnul
Zin
The Shining One

Shops:
D:5 (

Annotations:
D:3 exclusion: oklob plant


Message History

The quokka completely misses you.
The two-headed ogre hits you with a giant spiked club!! x2
Okay, then.
You puncture the two-headed ogre!
The two-headed ogre is almost dead.
The quokka misses you.
The two-headed ogre completely misses you.
The two-headed ogre closely misses you. The quokka misses you.
Attack whom?
Press: ? - help, Dir - move target cursor, f/p - two-headed ogre
Aim: a two-headed ogre, wielding two giant spiked clubs (almost dead)
You reach to attack!
You barely miss the two-headed ogre.
The two-headed ogre is almost dead.
The quokka bites you.
* * * LOW HITPOINT WARNING * * *
You barely miss the two-headed ogre.
The two-headed ogre is almost dead.
The two-headed ogre hits you with a giant spiked club!!
You die...

###########
#........".
#..........
#..........
#....$.....
#..........
#..O.......
#.@r.......
#######...#
#.. .


You could see a two-headed ogre and a quokka.

Vanquished Creatures
  Eustachio (D:4)
  A black bear (D:6)
  An ogre (D:6)
  3 phantoms
  The ghost of epok the Ruffian, an amateur CeGl (D:4)
  A centaur (D:6)
  2 bullfrogs (D:6)
  A crimson imp (D:5)
  2 hounds
  A jelly (D:6)
  7 orc wizards
  Jessica (D:2)
  Natasha (twice) (D:3)
  Ijyb (D:3)
  2 iguanas
  3 worker ants
  A hound skeleton (D:5)
  7 gnolls
  9 adders
  4 worms
  A dart slug (D:1)
  7 leopard geckos
  14 orcs
  9 giant cockroaches
  7 goblins
  8 hobgoblins
  7 jackals
  5 kobolds
  3 quokkas
  A ball python (D:3)
  A ball python skeleton (D:4)
  9 bats
  5 frilled lizards
  A jackal skeleton (D:4)
  8 rats
137 creatures vanquished.

Vanquished Creatures (others)
  An ancestor (D:7)
1 creature vanquished.

Grand Total: 138 creatures vanquished

Notes
Turn   | Place    | Note
-------+----------+-------------------------------------------
     0 | D:1      | Kriby the Merfolk Skald began the quest for the Orb.
     0 | D:1      | Reached XP level 1. HP: 16/16 MP: 3/3
   256 | D:1      | Reached XP level 2. HP: 10/22 MP: 5/5
   663 | D:1      | Reached skill level 4 in Polearms
  1007 | D:1      | Reached XP level 3. HP: 27/27 MP: 6/6
  1359 | D:2      | Reached skill level 5 in Polearms
  1789 | D:2      | Reached XP level 4. HP: 33/33 MP: 7/7
  1828 | D:2      | Found a faded altar of an unknown god.
  2010 | D:2      | Reached skill level 6 in Polearms
  2224 | D:2      | Noticed Jessica
  2229 | D:2      | Killed Jessica
  2229 | D:2      | Reached XP level 5. HP: 38/38 MP: 8/8
  2299 | D:2      | Found a glowing golden altar of the Shining One.
  2979 | D:3      | Reached skill level 7 in Polearms
  3035 | D:3      | Found a shattered altar of Ashenzari.
  3444 | D:3      | Reached skill level 5 in Dodging
  3484 | D:3      | Reached XP level 6. HP: 39/44 MP: 9/9
  3569 | D:3      | Noticed Natasha
  3844 | D:3      | Killed Natasha
  3850 | D:3      | Noticed Natasha
  4098 | D:3      | Killed Natasha
  4443 | D:3      | Found a blossoming altar of Fedhas.
  4531 | D:3      | Noticed an oklob plant
  4667 | D:3      | Found an ornate altar of the Wu Jian Council.
  4789 | D:4      | Noticed Ijyb
  4821 | D:3      | Killed Ijyb
  4821 | D:3      | Reached skill level 8 in Polearms
  4891 | D:3      | HP: 2/44 [orc wizard/magic dart (5)]
  4892 | D:3      | Gained mutation: Your magical capacity is low. (-10% MP) [potion of mutation]
  4892 | D:3      | Gained mutation: You are weak. (Str -2) [potion of mutation]
  4892 | D:3      | Lost mutation: You are weak. (Str -2) [potion of mutation]
  4892 | D:3      | Lost mutation: Your magical capacity is low. (-10% MP) [potion of mutation]
  5463 | D:4      | Noticed Eustachio
  5591 | D:4      | Killed Eustachio
  5591 | D:4      | Reached skill level 9 in Polearms
  5591 | D:4      | Reached XP level 7. HP: 37/50 MP: 10/10
  5954 | D:4      | Reached skill level 10 in Polearms
  6083 | D:4      | Found a sacrificial altar of Ru.
  6091 | D:4      | Noticed epok's ghost (amateur CeGl)
  6122 | D:4      | Killed epok's ghost
  6678 | D:4      | Reached XP level 8. HP: 40/56 MP: 11/11
  7262 | D:5      | Entered Level 5 of the Dungeon
  7661 | D:5      | Reached skill level 11 in Polearms
  8140 | D:5      | Found Etsual's Weapon Shoppe.
  8739 | D:6      | Reached skill level 12 in Polearms
  8783 | D:6      | Found an opulent altar of Gozag.
  9458 | D:6      | Reached XP level 9. HP: 44/61 MP: 12/12
  9544 | D:6      | Found a stormy altar of Qazlal.
  9545 | D:6      | Found a basalt altar of Yredelemnul.
  9545 | D:6      | Found a basalt altar of Yredelemnul.
  9547 | D:6      | Found a stormy altar of Qazlal.
  9547 | D:6      | Found a shimmering altar of Xom.
  9644 | D:6      | Found a staircase to the Ecumenical Temple.
  9649 | Temple   | Entered the Ecumenical Temple
  9688 | Temple   | Became a worshipper of Hepliaklqana the Forgotten
  9718 | D:7      | Noticed a two-headed ogre
  9733 | D:7      | Mangled by a two-headed ogre

Vault maps used:
D:1:      lemuel_arrival_funnel
D:2:      minmay_wonky_spiral, tso_altar, chequers_ecumenical_altar_simple,
          uniq_jessica
D:3:      tgw_fedhas, ashenzari_altar_1, marbit_many_paths, uniq_natasha
D:4:      nicolae_ru_awakened_eye, kennysheep_nondescript, uniq_ijyb,
          uniq_eustachio
D:5:      first_ration, serial_shops, shop, nrook_pool_corridor
D:6:      nicolae_gozag_cash_rules_everything_around_me, temple_doors_ab
D:7:      lightli_temple_of_fire, nicolae_qazlal_style_of_elements,
          grunt_temple_overflow_diamond, serial_shops, shop, shop,
          nicolae_shop_trees, shop, nicolae_shop_stone, grunt_ogre_cave,
          cheibrodos_worm_habitat
Temple:   eino_wide_crystal_templ

Skill      XL: |  1  2  3  4  5  6  7  8 |
---------------+-------------------------+-----
Dodging        | 3 4 5 6 7 8 |  8.8
Polearms       | 4 5 6 7 9 10 12 | 12.9
Fighting       | |  2.1
Armour         | |  0.6
Spellcasting   | |  2.0
Charms         | |  3.2

Action                   |  1- 3 |  4- 6 |  7- 9 || total
-------------------------+-------+-------+-------++-------
Melee: Spear             |   149 |   389 |   207 ||   745
       Unarmed           |       |    14 |       ||    14
       Tailslap          |       |     2 |       ||     2
       Halberd           |       |       |   150 ||   150
Invok: Ancestor Identity |       |       |     1 ||     1
Evoke: Wand              |       |       |     3 ||     3
  Use: Potion            |       |     9 |       ||     9
 Stab: Confused          |       |       |     1 ||     1
       Distracted        |       |       |     1 ||     1
  Eat: Chunk             |     2 |    13 |    19 ||    34
       Ration            |       |       |     1 ||     1
Armor: Leather armour    |     5 |       |       ||     5
       Ring mail         |    29 |    71 |    46 ||   146
       Skin              |       |     6 |       ||     6
Dodge: Dodged            |    60 |   213 |   194 ||   467

Table legend:
 A = Spawn XP
 B = Non-spawn XP
 C = Spawn XP percentage of total XP
 D = Spawn monster count
 E = Non-spawn monster count
 F = Spawn count percentage of total count
 G = Total turns spent on level
                    A         B        C        D         E        F      G
               +---------+---------+-------+---------+---------+-------+---------
         Total |       0 |    2436 |   0.0 |       0 |     137 |   0.0 |  9733
               +---------+---------+-------+---------+---------+-------+---------
           D:1 |       0 |      41 |   0.0 |       0 |      21 |   0.0 |  1279
           D:2 |       0 |     185 |   0.0 |       0 |      29 |   0.0 |  2039
           D:3 |       0 |     266 |   0.0 |       0 |      33 |   0.0 |  1945
           D:4 |       0 |     785 |   0.0 |       0 |      28 |   0.0 |  2104
           D:5 |       0 |     374 |   0.0 |       0 |      15 |   0.0 |  1168
           D:6 |       0 |     785 |   0.0 |       0 |      11 |   0.0 |  1136
               +---------+---------+-------+---------+---------+-------+---------
